 Dungeon Crawl Stone Soup version 0.25-a0-860-gf695395b5c (webtiles) character file.

Game seed: 2808993959129547942, levelgen mode: deterministic

33854 MisterFreud the Spry (level 13, -1/61 HPs)
             Began as a Felid Ice Elementalist on Apr 27, 2020.
             Was a Believer of Uskayaw.
             Killed from afar by Azrael (36 damage)
             ... with a fireball
             ... on level 13 of the Dungeon on Apr 28, 2020.
             The game lasted 01:25:17 (32945 turns).

MisterFreud the Spry (Felid Ice Elementalist)      Turns: 32945, Time: 01:25:19

Health: -1/61      AC:  3    Str:  5    XL:     13   Next: 39%
Magic:  23/23      EV: 32    Int: 21    God:    Uskayaw [**....]
Gold:   801        SH:  0    Dex: 17    Spells: 13/25 levels left
                                        Lives:  0   Deaths: 4

rFire    . . .     SeeInvis +     - Unarmed
rCold    + + .     Gourm    .   (shield unavailable)
rNeg     . . .     Faith    +   (armour unavailable)
rPois    .         Spirit   .   (helmet unavailable)
rElec    .         Reflect  .   (cloak unavailable)
rCorr    +         Harm     .   (gloves unavailable)
MR       ++++.                  (boots unavailable)
Stlth    +++++.....             O - amulet "Fidat" {Faith MR++ Str-2 Int+5}
HPRegen  0.20/turn              a - ring of protection from magic
MPRegen  0.18/turn              q - ring of resist corrosion

@: very slightly contaminated, invisible, quick
A: very small, no armour, no weapons or thrown items, stealth, claws 1, fangs 3,
see invisible, carnivore, cold resistance 1, dopey 1, speed 1, shaggy fur 3,
slow metabolism 1, wild magic 1, sharp paws
a: Stomp, Line Pass, Renounce Religion


You were on level 13 of the Dungeon.
You worshipped Uskayaw.
Uskayaw was aware of your devotion.
You were not hungry.

You visited 4 branches of the dungeon, and saw 22 of its levels.

You collected 2235 gold pieces.
You spent 1434 gold pieces at shops.

Inventory:

Jewellery
 a - a ring of protection from magic (left paw)
 d - an uncursed ring of protection from fire
 q - a ring of resist corrosion (right paw)
 u - an uncursed amulet of rage
 v - an uncursed ring of protection from cold
 A - an uncursed ring of flight
 E - an uncursed ring of protection from magic
 K - an uncursed amulet of the acrobat
 N - an uncursed amulet of magic regeneration
 O - the amulet "Fidat" (around neck) {Faith MR++ Str-2 Int+5}
   (You found it on level 6 of the Lair of Beasts)

   [amulet of faith]

   It allows you to gain divine favour quickly.
   It affects your strength (-2).
   It affects your intelligence (+5).
   It affects your resistance to hostile enchantments.
Wands
 i - a wand of enslavement (3)
 r - a wand of paralysis (35)
 t - a wand of iceblast (2)
 y - a wand of flame (16)
 C - a wand of random effects (11)
 D - a wand of acid (7)
 F - a wand of polymorph (6)
 G - a wand of clouds (1)
 J - a wand of digging (19)
Scrolls
 f - 5 scrolls of identify
 g - 3 scrolls of amnesia
 h - 2 scrolls of holy word
 k - 2 scrolls of immolation
 m - 5 scrolls of teleportation
 n - 11 scrolls of remove curse
 p - 2 scrolls of magic mapping
 s - 2 scrolls of blinking
 B - 6 scrolls of fear
Potions
 e - 3 potions of mutation
 j - 7 potions of curing
 l - 2 potions of brilliance
 o - 4 potions of flight
 w - a potion of magic
 x - a potion of cancellation
 z - 2 potions of stabbing
 I - a potion of invisibility
 L - a potion of berserk rage
Miscellaneous
 c - a phial of floods
 H - 2 boxes of beasts
Comestibles
 b - 49 rations


   Skills:
 - Level 10.0 Fighting
 - Level 16.0 Dodging
 - Level 10.0 Stealth
 - Level 10.0 Unarmed Combat
 + Level 6.6 Spellcasting
 + Level 4.5 Necromancy
 - Level 6.0 Ice Magic
 + Level 4.0 Earth Magic
 - Level 10.0 Invocations
 - Level 10.0 Evocations


You had 13 spell levels left.
You knew the following spells:

 Your Spells              Type           Power        Failure   Level  Hunger
a - Freeze                Ice            ####         1%          1    None
b - Frozen Ramparts       Ice            #####.       4%          3    #......
c - Ozocubu's Armour      Chrm/Ice       ####....     13%         3    #......
d - Borgnjor's Vile Clut  Necr/Erth      ####......   50%         5    #####..

Your spell library contained the following spells:

 Spells                   Type           Power        Failure   Level  Hunger
 Corona                   Hex            #......      14%         1    None
 Slow                     Hex            #.......     21%         2    None
 Animate Dead             Necr           N/A          21%         4    ###....
 Hailstorm                Conj/Ice       ####....     34%         4    ###....
 Summon Ice Beast         Ice/Summ       ####....     34%         4    ###....
 Inner Flame              Hex/Fire       #.......     36%         3    #......
 Recall                   Summ/Tloc      N/A          36%         3    #......
 Leda's Liquefaction      Hex/Erth       ###.......   45%         4    ###....
 Cause Fear               Hex            #.........   75%         4    ###....
 Simulacrum               Ice/Necr       #####.....   90%         6    ######.
 Death Channel            Necr           ####......   95%         6    ######.
 Portal Projectile        Hex/Tloc       Unusable     N/A         3    N/A

Dungeon Overview and Level Annotations

Branches:
Dungeon (13/15)            Temple (1/1) D:4            Lair (6/6) D:10
 Shoals (0/4) Lair:3        Snake (0/4) Lair:3        Slime (0/5) Lair:6
    Orc (2/2) D:12            Elf (0/3) Orc:2        Vaults (0/5) D:13

Altars:
Ashenzari
Cheibriados
Dithmenos
Elyvilon
Fedhas
Gozag
Hepliaklqana
Kikubaaqudgha
Makhleb
Nemelex Xobeh
Okawaru
Qazlal
Ru
Sif Muna
Trog
Uskayaw
Vehumet
Wu Jian
Xom
Yredelemnul
Zin
The Shining One

Shops:
D:4 !   D:12 ([   Orc:2 }=}}

Annotations:
D:12 3 runed translucent doors, bmj180's ghost, journeyman DrCj
D:13 Azrael
Lair:6 exclusion: 3 oklob plants


Innate Abilities, Weirdness & Mutations

You cannot wear armour.
You are incapable of wielding weapons or throwing items.
Your paws allow you to move quietly. (Stealth)
You have sharp claws.
You have razor-sharp teeth.
You have supernaturally acute eyesight. (SInv)
You are carnivorous and can eat meat at any time.
You cover ground quickly.
Your thick and shaggy fur keeps you warm. (AC +3, rC+)
You have a slow metabolism.
Your sharp claws are effective at attacking unaware monsters.
Your flesh is cold resistant. (rC+)
You are dopey. (Int -2)
Your spells are a little harder to cast, but a little more powerful.


Message History

You scratch Azrael.
Azrael is moderately wounded.
You scratch Azrael.
Azrael is moderately wounded.
Azrael gestures at you. The sticky flame misses you.
The fire elemental completely misses you.
You pounce on the helpless Azrael from behind!
You mangle Azrael!!
Azrael is severely wounded.
Azrael completely misses you.
The fire elemental completely misses you.
You can now pass through a line of other dancers.
You scratch Azrael.
Azrael is severely wounded.
The fire elemental completely misses you.
Azrael gestures at you.
The fireball explodes!
The fireball engulfs you!!!
Ouch! That really hurt!
You die...

###............................#
#...#.....#...##.##..........###
#..°##....##.(##..#...........#.
##..E○........##.##.....^..##.#.
##..○.....°..##.#.........##...
###........°##...........##...
#.........°.................
#..........E................
###........@........#.......
##..........#R......##.###...
#...##..#...#..........# ##.#
#.E##..............##.## ###
#..☼#...........##...##
##....................#
##.#.#....##........##
#######............#
##..........##


You could see Azrael and a fire elemental.

Vanquished Creatures
  Kirke (Lair:4)
  A fire dragon (D:13)
  An ettin (Orc:1)
  A merfolk avatar (Lair:6)
  A hydra (Lair:6)
  Erica (Lair:2)
  6 two-headed ogres
  Urug (D:13)
  3 orc high priests (Orc:2)
  A fire crab (Lair:6)
  A sea snake (Lair:6)
  A lindwurm (Lair:5)
  A harpy (Lair:6)
  A wolf spider zombie (D:13)
  A necromancer (D:13)
  5 orc knights
  3 orc sorcerers (Orc:2)
  2 ugly things (D:13)
  2 manticores
  A cyclops (D:12)
  An eye of devastation (Lair:6)
  2 elephants
  3 black mambas
  A gargoyle (D:9)
  14 spiny frogs
  8 komodo dragons
  11 rime drakes
  A redback zombie (D:13)
  8 trolls
  A wind drake (Lair:6)
  3 hornets
  10 blink frogs
  8 hippogriffs
  5 dream sheep (Lair:6)
  2 shadows
  31 yaks
  4 wyverns
  5 fire elementals (D:13)
  6 basilisks
  5 hogs (Lair:4)
  2 hungry ghosts
  4 vampire mosquitoes
  8 wargs (Orc:1)
  A naga (Lair:3)
  An acid dragon (D:13)
  7 water moccasins
  2 hell hounds
  12 porcupines
  A black bear (Lair:1)
  20 orc warriors
  2 ice beasts
  5 ogres
  2 eyes of draining
  A necrophage (D:8)
  53 wolves
  2 centaurs
  10 crocodiles
  8 bullfrogs
  A big kobold (D:12)
  2 gnoll sergeants
  6 scorpions
  3 killer bees (D:11)
  22 wights
  5 howler monkeys
  4 crimson imps
  5 centaur zombies
  A bullfrog zombie (D:11)
  7 jellies
  10 orc priests
  2 bullfrog skeletons
  5 hounds
  3 centaur skeletons
  An iguana (D:4)
  17 orc wizards
  8 worker ants
  A hound zombie (D:9)
  2 worker ant zombies
  Robin (D:3)
  9 gnolls
  A howler monkey skeleton (D:9)
  11 adders
  A shadow imp (D:7)
  5 oozes (D:9)
  An adder skeleton (D:7)
  2 worms (D:3)
  3 dart slugs
  6 leopard geckos
  76 orcs
  14 bats
  5 giant cockroaches
  2 gnoll zombies (D:7)
  9 hobgoblins
  13 jackals
  5 quokkas
  5 frilled lizards
  22 goblins
  11 kobolds
  A leopard gecko skeleton (D:4)
  A quokka skeleton (D:9)
  6 rats
620 creatures vanquished.

Vanquished Creatures (others)
  An orc (Orc:2)
  10 fungi
  18 plants (Lair:6)
29 creatures vanquished.

Grand Total: 649 creatures vanquished

Notes
Turn   | Place    | Note
-------+----------+-------------------------------------------
     0 | D:1      | MisterFreud the Felid Ice Elementalist began the quest for
                  | the Orb.
     0 | D:1      | Reached XP level 1. HP: 7/7 MP: 4/4
   142 | D:1      | Reached skill level 1 in Fighting
   389 | D:1      | Reached XP level 2. HP: 12/13 MP: 4/6
  1047 | D:2      | Reached XP level 3. HP: 12/16 MP: 2/7
  1520 | D:2      | Learned a level 3 spell: Frozen Ramparts
  1881 | D:2      | Reached XP level 4. HP: 22/22 MP: 8/8
  2202 | D:2      | You fall into a shaft and drop 2 floors!
  2264 | D:4      | Noticed a phantom
  2272 | D:4      | Found Xuchiutz's Distillery.
  2385 | D:3      | Reached skill level 3 in Dodging
  2440 | D:3      | Reached skill level 1 in Unarmed Combat
  2667 | D:3      | Reached XP level 5. HP: 22/25 MP: 4/9
  2924 | D:3      | Found a white marble altar of Elyvilon.
  3016 | D:3      | Noticed Robin
  3026 | D:3      | Killed Robin
  3026 | D:3      | Reached skill level 4 in Dodging
  4028 | D:4      | Found a staircase to the Ecumenical Temple.
  4046 | Temple   | Entered the Ecumenical Temple
  4196 | D:4      | Found a shimmering altar of Xom.
  4253 | D:4      | Gained mutation: You are covered in thick fur. (AC +2)
                  | [Felid growth]
  4253 | D:4      | Reached XP level 6. HP: 28/28 MP: 6/10
  4263 | D:4      | Bought a potion of lignification for 36 gold pieces
  4263 | D:4      | Bought a potion of curing for 36 gold pieces
  4522 | D:5      | Entered Level 5 of the Dungeon
  4778 | D:5      | Reached skill level 5 in Dodging
  5184 | D:5      | Noticed an ice beast
  5193 | D:5      | Reached skill level 6 in Dodging
  5895 | D:5      | Killed an ice beast
  5895 | D:5      | Reached XP level 7. HP: 32/32 MP: 11/11
  6184 | D:8      | Reached skill level 5 in Ice Magic
  6793 | D:7      | Learned a level 3 spell: Ozocubu's Armour
  6896 | D:6      | Found a snail-covered altar of Cheibriados.
  6896 | D:6      | Found a glowing silver altar of Zin.
  6909 | D:6      | Slain by a centaur
  6910 | D:6      | Reached XP level 6. HP: -1/28 MP: 7/10
  6934 | D:6      | Found a shimmering altar of Xom.
  7041 | D:6      | Gained mutation: Your flesh is cold resistant. (rC+)
                  | [potion of mutation]
  7041 | D:6      | Gained mutation: You are dopey. (Int -2) [potion of
                  | mutation]
  7041 | D:6      | Gained mutation: Your spells are a little harder to cast,
                  | but a little more powerful. [potion of mutation]
  7065 | D:6      | Reached XP level 7. HP: 9/32 MP: 11/11
  8417 | D:6      | Found a hide-covered altar of Uskayaw.
  8422 | D:6      | Found a hazy altar of Hepliaklqana.
  8423 | D:6      | Found a burning altar of Makhleb.
  8426 | D:6      | Became a worshipper of Uskayaw the Reveler
  8495 | D:7      | Reached * piety under Uskayaw
  8496 | D:7      | Reached ** piety under Uskayaw
  8500 | D:7      | Reached skill level 7 in Dodging
  8500 | D:7      | Reached skill level 5 in Stealth
  8839 | D:7      | Reached XP level 8. HP: 29/36 MP: 8/12
  8880 | D:7      | Reached skill level 5 in Fighting
  8880 | D:7      | Reached *** piety under Uskayaw
  8902 | D:7      | Reached **** piety under Uskayaw
  9411 | D:7      | Found a basalt altar of Yredelemnul.
 10040 | D:9      | Reached skill level 8 in Dodging
 10040 | D:9      | Reached skill level 5 in Unarmed Combat
 10517 | D:9      | Noticed a hippogriff
 10524 | D:9      | Killed a hippogriff
 10527 | D:9      | Found a shattered altar of Ashenzari.
 10531 | D:9      | Reached ***** piety under Uskayaw
 10861 | D:8      | Reached XP level 9. HP: 39/41 MP: 10/13
 11158 | D:8      | Reached skill level 9 in Dodging
 12309 | D:9      | HP: 1/40 [wight/+0 spear (8)]
 12814 | D:9      | Reached skill level 10 in Dodging
 13508 | D:10     | Entered Level 10 of the Dungeon
 13545 | D:10     | Noticed a gargoyle
 13570 | D:10     | HP: 2/40 [hungry ghost (4)]
 13571 | D:10     | Slain by a hound
 13572 | D:10     | Reached XP level 8. HP: -4/37 MP: 13/13
 13575 | D:10     | Noticed a hornet
 13587 | D:10     | Killed a hornet
 13797 | D:10     | Noticed a two-headed ogre
 13826 | D:10     | Killed a two-headed ogre
 13826 | D:10     | Reached skill level 5 in Spellcasting
 13826 | D:10     | Reached XP level 9. HP: 41/41 MP: 14/17
 13840 | D:10     | Noticed a two-headed ogre
 13857 | D:10     | Killed a two-headed ogre
 13874 | D:10     | Noticed an elephant
 13875 | D:10     | Found a staircase to the Lair.
 14019 | D:10     | Killed an elephant
 14736 | D:9      | Reached XP level 10. HP: 47/47 MP: 14/18
 14739 | D:9      | Reached skill level 11 in Dodging
 15000 | D:9      | Killed a gargoyle
 15867 | D:11     | Noticed a two-headed ogre
 15885 | D:11     | Killed a two-headed ogre
 16068 | D:11     | Noticed a two-headed ogre
 16075 | D:11     | Reached skill level 1 in Invocations
 16079 | D:11     | Killed a two-headed ogre
 16085 | D:11     | Reached XP level 11. HP: 51/51 MP: 15/19
 16115 | D:11     | Noticed a two-headed ogre
 16131 | D:11     | Killed a two-headed ogre
 16131 | D:11     | Reached skill level 12 in Dodging
 16133 | D:11     | Reached skill level 10 in Stealth
 16647 | D:12     | Found a staircase to the Orcish Mines.
 16647 | D:12     | Found Lehath's Weapon Shoppe.
 16647 | D:12     | Found Ankiovegh's Armour Shoppe.
 16647 | D:12     | You fall into a shaft and drop 1 floor!
 16647 | D:13     | Noticed a brown ugly thing
 16647 | D:13     | Noticed a cyan ugly thing
 16757 | D:12     | Found an opulent altar of Gozag.
 16797 | D:12     | Noticed an orc knight
 16824 | D:12     | Reached ****** piety under Uskayaw
 16836 | D:12     | Slain by an orc knight
 16837 | D:12     | Reached XP level 10. HP: -3/49 MP: 17/18
 16851 | D:12     | Killed an orc knight
 17202 | D:12     | Found a runed translucent gate.
 17202 | D:12     | Found a runed translucent gate.
 17202 | D:12     | Found a runed translucent gate.
 17203 | D:12     | Found an iron altar of Okawaru.
 17203 | D:12     | Noticed bmj180's ghost (journeyman DrCj)
 17203 | D:12     | Noticed a centaur warrior
 17205 | D:12     | Noticed a merfolk impaler
 17423 | D:12     | Noticed a cyclops
 17429 | D:12     | Killed a cyclops
 17515 | D:13     | Noticed Urug
 17636 | Lair:1   | Entered Level 1 of the Lair of Beasts
 17758 | Lair:1   | Noticed a spiny frog
 17765 | Lair:1   | Killed a spiny frog
 17828 | Lair:1   | Noticed a spiny frog
 17838 | Lair:1   | Reached XP level 11. HP: 37/53 MP: 15/19
 18090 | Lair:1   | Reached skill level 13 in Dodging
 18167 | Lair:1   | Reached skill level 5 in Invocations
 19564 | Lair:2   | Noticed Erica
 19575 | Lair:2   | Killed Erica
 20113 | Lair:3   | Found a staircase to the Snake Pit.
 20388 | Lair:3   | Reached skill level 10 in Fighting
 20388 | Lair:3   | Reached skill level 10 in Unarmed Combat
 20752 | Lair:3   | Found a staircase to the Shoals.
 21009 | Lair:4   | Reached skill level 14 in Dodging
 21082 | Lair:4   | Gained mutation: Your thick and shaggy fur keeps you warm.
                  | (AC +3, rC+) [Felid growth]
 21082 | Lair:4   | Reached XP level 12. HP: 47/58 MP: 16/20
 21189 | Lair:4   | Noticed Kirke
 21203 | Lair:4   | Killed Kirke
 21928 | Lair:5   | Reached skill level 15 in Dodging
 23449 | Lair:6   | Entered Level 6 of the Lair of Beasts
 23884 | Lair:6   | Noticed a merfolk avatar
 24211 | Lair:6   | Reached skill level 10 in Invocations
 24246 | Lair:6   | Reached skill level 1 in Evocations
 24288 | Lair:6   | Reached XP level 13. HP: 53/61 MP: 15/21
 24384 | Lair:6   | Reached skill level 5 in Evocations
 25868 | Lair:6   | Found a staircase to the Slime Pits.
 26513 | Lair:6   | Got a slimy pewter amulet
 26546 | Lair:6   | Identified the amulet "Fidat" {Faith MR++ Str-2 Int+5} (You
                  | found it on level 6 of the Lair of Beasts)
 26598 | Lair:6   | Reached skill level 10 in Evocations
 27477 | D:12     | Learned a level 5 spell: Borgnjor's Vile Clutch
 27829 | D:13     | Found a gate to the Vaults.
 28091 | D:13     | Reached skill level 1 in Necromancy
 28288 | D:13     | Reached skill level 1 in Earth Magic
 28699 | D:13     | Noticed a fire dragon
 28709 | D:13     | Killed a fire dragon
 29025 | D:13     | Noticed Azrael
 29036 | D:13     | HP: 3/61 [Azrael/damnation (17)]
 29102 | Orc:1    | Entered Level 1 of the Orcish Mines
 29363 | Orc:2    | Entered Level 2 of the Orcish Mines
 29433 | Orc:2    | Found a staircase to the Elven Halls.
 29705 | Orc:1    | Reached XP level 14. HP: 28/66 MP: 20/23
 31885 | Orc:2    | Reached skill level 16 in Dodging
 32466 | Orc:2    | Found Elos Ytz's Gadget Shop.
 32466 | Orc:2    | Found Kenuadimp's Gadget Emporium.
 32469 | Orc:2    | Found Quovod Coosh's Gadget Shop.
 32469 | Orc:2    | Found Lutsot's Jewellery Emporium.
 32483 | Orc:2    | Bought a phial of floods for 440 gold pieces
 32483 | Orc:2    | Bought a wand of acid (7) for 242 gold pieces
 32592 | Orc:2    | Bought a box of beasts for 340 gold pieces
 32592 | Orc:2    | Bought a box of beasts for 340 gold pieces
 32677 | D:13     | Killed Urug
 32792 | D:13     | Found a sacrificial altar of Ru.
 32864 | D:13     | Killed from afar by Azrael
 32865 | D:13     | Reached XP level 13. HP: -5/61 MP: 21/23
 32945 | D:13     | Killed from afar by Azrael

Levels and vault maps discovered:
D:1:      arrival_zaba_pyramid, layout_loops_ring, minmay_strange_pillars
D:2:      layout_basic
D:3:      layout_loops_ring, elyvilon_altar_1, minmay_misc_feat_plants,
          kennysheep_nondescript, uniq_robin
D:4:      layout_basic, minmay_temple_entry_mist, serial_shops, shop,
          minmay_misc_feat_encased, lemuel_statue_altar
D:5:      layout_loops_ring, first_ration
D:6:      layout_loops_corners, lemuel_crystal_altar,
          chequers_temple_overflow_minitemple, patterned_corridor
D:7:      layout_basic, lemuel_zombie_altar_yredelemnul
D:8:      layout_gridville, nicolae_straight_to_the_point
D:9:      minmay_skewed_foursquare, layout_long_grid, evilmike_ruin_ashenzari,
          hangedman_little_slice_of_home
D:10:     layout_rooms, david_lair_generic, minmay_tree_intersection,
          minmay_misc_feat_rows, minmay_rotating_lava
D:11:     lemuel_flame_loot_2, layout_cave_pods, minmay_diced_spiral
D:12:     layout_roguey, orc_david_3, basic_altar,
          gammafunk_ghost_fury_of_okawaru
D:13:     layout_cave_pools, david_vaults_1, drop_trap, nicolae_ru_awakened_eye,
          uniq_azrael, uniq_urug
Temple:   nicolae_temple_god_jail
Lair:1:   layout_cellular_growth, beast_lair_carwin_7, serial_bayou_shore_b
Lair:2:   layout_long_grid, uniq_erica
Lair:3:   layout_regular_city, elwin_shoals_entry_rocks,
          guppyfry_snake_entry_island
Lair:4:   layout_roguey, lemuel_fruit_tree, serial_bayou_shore_b,
          grunt_megastairs_5, uniq_kirke
Lair:5:   layout_regular_city, grunt_forest_large_clearings
Lair:6:   gammafunk_lair_ancient_temple, layout_cave_pods,
          minmay_slime_entry_eyes, chequers_serial_rivers_small_3,
          minmay_lair_oklob_chamber
Orc:1:    layout_caves, mines5_lemuel
Orc:2:    grunt_orc_tribal_feast, layout_caves

Skill      XL: |  1  2  3  4  5  6  7  8  9 10 11 12 13 14 |
---------------+-------------------------------------------+-----
Fighting       | 1 2 3 4 6 7 9 10 | 10.0
Stealth        | 3 5 6 7 9 10 | 10.0
Dodging        | 3 4 6 7 8 10 11 14 15 16 | 16.0
Unarmed Combat | 1 2 3 4 5 7 9 10 | 10.0
Ice Magic      | 4 6 |  6.0
Spellcasting   | 5 3 6 |  6.6
Invocations    | 4 6 10 | 10.0
Evocations     | 3 10 | 10.0
Necromancy     | 2 4 |  4.5
Earth Magic    | 2 4 |  4.0

Action                   |  1- 3 |  4- 6 |  7- 9 | 10-12 | 13-15 || total
-------------------------+-------+-------+-------+-------+-------++-------
Melee: Unarmed           |    27 |   130 |   337 |   532 |   494 ||  1520
       Bite              |     2 |     7 |    33 |    50 |    43 ||   135
       Punch             |       |     2 |    12 |    22 |    22 ||    58
 Cast: Freeze            |    37 |    17 |    27 |       |       ||    81
       Frozen Ramparts   |     3 |    28 |    58 |    99 |    98 ||   286
Invok: Grand Finale      |       |       |       |       |     1 ||     1
Evoke: Wand              |       |       |     4 |       |    10 ||    14
  Use: Potion            |       |     6 |       |       |     5 ||    11
       Scroll            |       |       |    14 |     1 |    11 ||    26
 Stab: Sleeping          |     8 |     6 |     9 |    30 |     3 ||    56
       Distracted        |       |     1 |     1 |     2 |       ||     4
       Invisible         |       |     5 |     1 |       |     2 ||     8
       Paralysed         |       |       |    15 |    35 |    44 ||    94
  Eat: Chunk             |     9 |     9 |    32 |    38 |    26 ||   114
Armor: Skin              |     3 |    15 |     4 |     9 |    13 ||    44
Dodge: Dodged            |    53 |   125 |   366 |   578 |   548 ||  1670

Table legend:
 A = Non-vault XP
 B = Vault XP
 C = Vault XP percentage of total XP
 D = Non-vault monster count
 E = Vault monster count
 F = Vault count percentage of total count
                 A         B        C        D         E       F
            +---------+---------+-------+---------+---------+-------
      Total |   50847 |   38711 |  43.2 |     440 |     180 |  29.0
            +---------+---------+-------+---------+---------+-------
        D:1 |      32 |       0 |   0.0 |      20 |       0 |   0.0
        D:2 |     108 |       0 |   0.0 |      27 |       0 |   0.0
        D:3 |     150 |      34 |  18.5 |      35 |      11 |  23.9
        D:4 |     108 |       0 |   0.0 |      11 |       0 |   0.0
        D:5 |     356 |       0 |   0.0 |      11 |       0 |   0.0
        D:6 |     724 |       0 |   0.0 |      12 |       0 |   0.0
        D:7 |     969 |       4 |   0.4 |      29 |       2 |   6.5
        D:8 |     724 |       0 |   0.0 |      19 |       0 |   0.0
        D:9 |    2894 |     206 |   6.6 |      35 |      10 |  22.2
       D:10 |    3108 |    1133 |  26.7 |      19 |       5 |  20.8
       D:11 |    4441 |    1272 |  22.3 |      32 |       2 |   5.9
       D:12 |    2207 |    1020 |  31.6 |      21 |       8 |  27.6
       D:13 |    6379 |    3510 |  35.5 |      23 |      11 |  32.4
     Lair:1 |    3022 |    3056 |  50.3 |      16 |      16 |  50.0
     Lair:2 |    2484 |     934 |  27.3 |      10 |       1 |   9.1
     Lair:3 |    1617 |     166 |   9.3 |       6 |       1 |  14.3
     Lair:4 |    1774 |    3256 |  64.7 |       7 |       8 |  53.3
     Lair:5 |    5341 |    3709 |  41.0 |      25 |      32 |  56.1
     Lair:6 |    9305 |   11476 |  55.2 |      33 |      34 |  50.7
      Orc:1 |    3824 |    1220 |  24.2 |      22 |      10 |  31.2
      Orc:2 |    1280 |    7715 |  85.8 |      27 |      29 |  51.8
            +---------+---------+-------+---------+---------+-------
